 Dungeon Crawl Stone Soup version 0.27-a0-1219-g958d993ae5 (webtiles) character file.

Game seed: 5994827761205943135

35 polve the Skirmisher (level 3, -2/29 HPs)
             Began as a Demonspawn Abyssal Knight on June 6, 2021.
             Was a Follower of Lugonu.
             Slain by a worm (8 damage)
             ... on level 2 of the Dungeon.
             The game lasted 00:01:20 (1711 turns).

polve the Skirmisher (Demonspawn Abyssal Knight)    Turns: 1711, Time: 00:01:20

Health: -2/29      AC: 10    Str: 13    XL:     3   Next: 17%
Magic:  4/4        EV:  3    Int: 13    God:    Lugonu [*.....]
Gold:   105        SH:  0    Dex: 12    Spells: 2/2 levels left

rFire    . . .     SeeInvis .   a - +1 short sword
rCold    . . .     Faith    .   (no shield)
rNeg     . . .     Spirit   .   h - +0 plate armour
rPois    .         Reflect  .   (no helmet)
rElec    .         Harm     .   (no cloak)
rCorr    .         Rampage  .   (no gloves)
Will     .....                  (no boots)
Stlth    ..........             (no amulet)
HPRegen  0.09/turn              (no ring)
MPRegen  0.09/turn              (no ring)

@: no status effects
A: claws 1
a: Renounce Religion, Depart the Abyss


You were on level 2 of the Dungeon.
You worshipped Lugonu.
Lugonu was aware of your devotion.
You visited 1 branch of the dungeon, and saw 2 of its levels.
You visited the Abyss 1 time.

You collected 105 gold pieces.

Inventory:

Hand Weapons
 a - a +1 short sword (weapon)
Armour
 b - a +0 leather armour
 h - a +0 plate armour (worn)
Scrolls
 c - a scroll of teleportation {unknown}
 d - a scroll of noise {unknown}
 e - a scroll of identify {unknown}
 f - a scroll of fog {unknown}
 j - a scroll of silence {unknown}
 k - a scroll of vulnerability {unknown}
Potions
 g - 2 potions of curing {unknown}
 i - a potion of haste {unknown}


   Skills:
 + Level 3.2 Fighting
 - Level 2.5 Short Blades
 - Level 1.7 Armour
 - Level 0.8 Dodging
 * Level 1.5 Unarmed Combat
 - Level 2.4 Invocations


You had 2 spell levels left.
You didn't know any spells.
Your spell library was empty.

Dungeon Overview and Level Annotations

Branches:
Dungeon (2/15)

Altars:

Annotations:
D:2 1 runed translucent door, Crazy Yiuf


Innate Abilities, Weirdness & Mutations

You have sharp fingernails.


Message History

You hit the endoplasm.
The endoplasm is heavily wounded.
The endoplasm hits you but does no damage.
You hit the endoplasm.
You kill the endoplasm!
Lugonu accepts your kill.
You hit the worm.
The worm is lightly wounded.
The worm bites you!
You are too injured to fight recklessly!
You are too injured to fight recklessly!
You are too injured to fight recklessly!
You are too injured to fight recklessly!
You are too injured to fight recklessly!
You are too injured to fight recklessly!
You are too injured to fight recklessly!
You are too injured to fight recklessly!
You hit the worm.
The worm is lightly wounded.
The worm bites you!
Your plate armour prevents you from hitting the worm.
The worm is lightly wounded.
You hit the worm.
The worm is lightly wounded.
The worm bites you but does no damage.
You hit the worm.
The worm is moderately wounded.
You hit the worm but do no damage.
The worm is moderately wounded.
The worm bites you but does no damage.
You hit the worm.
The worm is moderately wounded.
You hit the worm.
The worm is heavily wounded.
The worm bites you.
* * * LOW HITPOINT WARNING * * *
You hit the worm.
The worm is heavily wounded.
The worm bites you!
You die...

..... #.....## #....# ####
#(.....### #.##.##
#..#.#...# #.##..#
.####........## #.###.#
........†.....#### #.###.#
......#........... #..##.#
......#...>....## ##..#..
...#........<#.##.#####...#
.. #...##.@w...........##..
. #... #..†...........##..
..J## #.................#
.... #.....##.........##
... ####...#...........
.#..........#..
...............
#.##.........## ......


You could see a worm.

Vanquished Creatures
  A worm (D:2)
  A dart slug (D:2)
  2 bats (D:1)
  4 endoplasms
  A giant cockroach (D:1)
  2 goblins
  5 hobgoblins (D:1)
  2 kobolds
  3 ball pythons (D:1)
  5 frilled lizards
  2 rats (D:1)
28 creatures vanquished.

Notes
Turn   | Place    | Note
-------+----------+-------------------------------------------
     0 | Abyss:1  | polve the Demonspawn Abyssal Knight began the quest for the
                  | Orb.
     0 | Abyss:1  | Reached XP level 1. HP: 18/18 MP: 2/2
   160 | Abyss:1  | Noticed a rakshasa
   170 | D:1      | Escaped the Abyss
   361 | D:1      | Reached * piety under Lugonu
   476 | D:1      | Found a faded altar of an unknown god.
   529 | D:1      | Gained mutation: You have sharp fingernails. [demonic
                  | ancestry]
   529 | D:1      | Reached XP level 2. HP: 24/24 MP: 3/3
   974 | D:1      | Reached skill level 1 in Unarmed Combat
  1363 | D:2      | Found a runed translucent door.
  1366 | D:2      | Noticed Crazy Yiuf
  1556 | D:2      | Reached XP level 3. HP: 19/29 MP: 4/4
  1711 | D:2      | Slain by a worm

Illustrated notes

Levels and vault maps discovered:
D:1:      zelgadis_glass_arrival_small, layout_loops_ring,
          shapermc_ecumenical_altar_starsandcircs, minmay_split_cup_small
D:2:      layout_rooms, uniq_crazy_yiuf_cottage, uniq_jessica

Skill      XL: |  1  2 |
---------------+-------+-----
Short Blades   | 2 |  2.5
Unarmed Combat | 1 |  1.5
Fighting       | |  3.2
Armour         | |  1.7
Dodging        | |  0.8
Invocations    | |  2.4

Action                   || total
-------------------------++-------
Melee: Short sword       ||   119
Invok: Depart the Abyss  ||     1
 Stab: Sleeping          ||     1
Armor: Leather armour    ||     8
       Plate armour      ||    58
Dodge: Dodged            ||    24

Table legend: (Time is in decaauts)
 A = Elapsed time spent in this place.
 B = Non-inter-level travel time spent in this place.
 C = Inter-level travel time spent in this place.
 D = Time resting spent in this place.
 E = Time spent auto-exploring this place.
 F = Levels seen in this place.
 G = Mean time per level.
                   A        B        C        D        E       F      G
               +--------+--------+--------+--------+--------+-----+--------+
         Total |   1707 |   1682 |     25 |      0 |   1449 |   3 |  569.0 |
       Dungeon |   1537 |   1512 |     25 |      0 |   1289 |   2 |  768.5 |
         Abyss |    170 |    170 |      0 |      0 |    160 |   1 |  170.0 |
               +--------+--------+--------+--------+--------+-----+--------+

Top non-repeatable levels by time:
     D:1: 1005 daAuts
     D:2: 532 daAuts
 Abyss:1: 170 daAuts
